 Dungeon Crawl Stone Soup version 0.28-a0-863-g8cecda6153 (webtiles) character file.

Game seed: 14260285715209128798

945 ryw the Fighter (level 7, 0/64 HPs)
             Began as a Demonspawn Monk on Nov 18, 2021.
             Slain by Pikel (1 damage)
             ... on level 5 of the Dungeon.
             The game lasted 00:05:36 (4231 turns).

ryw the Fighter (Demonspawn Monk)                   Turns: 4231, Time: 00:05:36

Health: 0/64       AC:  7    Str: 12 (13) XL:     7   Next: 89%
Magic:  0/7        EV: 12    Int: 11 (12) God:
Gold:   151        SH:  0    Dex: 13 (15) Spells: 6/6 levels left

rFire   . . .      SeeInvis .   i - +2 quarterstaff (chaos)
rCold   . . .      Faith    .   (shield currently unavailable)
rNeg    . . .      Spirit   +   a - +0 robe
rPois   .          Reflect  .   (helmet restricted)
rElec   .          Harm     .   j - +0 cloak
rCorr   .          Rampage  .   h - +1 pair of gloves
Will    .....                   (no boots)
Stlth   ++........              (no amulet)
HPRegen 0.20/turn               (no ring)
MPRegen 0.20/turn               (no ring)

@: no status effects
A: horns 2, slimy green scales 1, magic shield, magic regeneration
a: no special abilities


You were on level 5 of the Dungeon.
You visited 1 branch of the dungeon, and saw 5 of its levels.

You collected 151 gold pieces.

Inventory:

Hand Weapons
 i - a +2 quarterstaff of chaos (weapon)
Armour
 a - a +0 robe (worn)
 h - a +1 pair of gloves (worn)
 j - a +0 cloak (worn)
Jewellery
 r - a ring of flight
Wands
 o - a wand of acid (8)
Scrolls
 d - 11 scrolls of identify {unknown}
 f - a scroll of vulnerability {unknown}
 g - a scroll of brand weapon {unknown}
 l - a scroll of immolation {unknown}
 m - a scroll of silence {unknown}
 n - a scroll of enchant armour {unknown}
 p - a scroll of teleportation {unknown}
Potions
 b - 3 potions of lignification


   Skills:
 + Level 9.6 Fighting
 - Level 2.6 Dodging
 - Level 1.7 Stealth
 - Level 2.6 Unarmed Combat


You had 6 spell levels left.
You didn't know any spells.
Your spell library was empty.

Dungeon Overview and Level Annotations

Branches:
Dungeon (5/15)
 Temple: D:4-7

Altars:

Shops:
D:3 =

Annotations:
D:5 Pikel


Innate Abilities, Weirdness & Mutations

You have a pair of horns on your head.
You are partially covered in slimy green scales. (AC +2)
When hurt, damage is shared between your health and your magic reserves.
You regenerate magic rapidly.


Message History

Your Fighting skill increases to level 9!
Unknown command.
You hit Pikel. You burn Pikel.
Pikel is lightly wounded.
The ice encasing you melts away.
Pikel hits you with a +1 whip of freezing.
* * * LOW HITPOINT WARNING * * *
Pikel freezes you.
* * * LOW HITPOINT WARNING * * *
It was a potion of degeneration.
There was something very wrong with that liquid.
You feel weakened.
You feel dopey.
You feel clumsy.
Pikel hits you with a +1 whip of freezing.
* * * LOW HITPOINT WARNING * * *
Pikel freezes you.
* * * LOW HITPOINT WARNING * * *
You hit Pikel but do no damage. Lightning courses through Pikel!
Pikel is moderately wounded.
Pikel barely misses you.
Pikel hits you with a +1 whip of freezing.
* * * LOW HITPOINT WARNING * * *
Pikel freezes you.
* * * LOW HITPOINT WARNING * * *
You barely miss Pikel.
Pikel is moderately wounded.
Pikel barely misses you.
Unknown command.
You closely miss Pikel. Your headbutt misses Pikel.
Pikel is moderately wounded.
Pikel hits you with a +1 whip of freezing.
* * * LOW HITPOINT WARNING * * *
Pikel freezes you.
* * * LOW HITPOINT WARNING * * *
Unknown command.
You closely miss Pikel. You headbutt Pikel!
Pikel is heavily wounded.
Pikel hits you with a +1 whip of freezing.
* * * LOW HITPOINT WARNING * * *
Pikel freezes you.
You die...

.......... ........
......### ....... #....##
#.....# #.....#
######5....##
#..@K55Z......#
#.####5....)#.# #.#
#....#.#.# #.# #....#.#.#
#.# ######.#.# #.#######
#.#.#
#######.#.....###...# #
........#...........# ..
........#.....####..###.##


You could see Pikel, 4 lemures and a bullfrog zombie.

Vanquished Creatures
  A rime drake (D:5)
  Prince Ribbit (D:5)
  Sigmund (D:2)
  A scorpion (D:4)
  A jelly (D:4)
  Crazy Yiuf (D:2)
  2 hounds
  Terence (D:3)
  An orc wizard (D:3)
  An adder (D:4)
  A white imp (D:5)
  An adder skeleton (D:4)
  3 worms
  A dart slug (D:1)
  2 orcs (D:3)
  7 ball pythons
  2 bats (D:3)
  6 endoplasms
  3 giant cockroaches
  4 hobgoblins
  5 jackals (D:4)
  3 quokkas (D:2)
  2 frilled lizards
  8 goblins
  8 kobolds
  A rat (D:3)
68 creatures vanquished.

Vanquished Creatures (others)
  8 plants
8 creatures vanquished.

Grand Total: 76 creatures vanquished

Notes
Turn   | Place    | Note
-------+----------+-------------------------------------------
     0 | D:1      | ryw the Demonspawn Monk began the quest for the Orb.
     0 | D:1      | Reached XP level 1. HP: 18/18 MP: 1/1
   384 | D:1      | Gained mutation: You regenerate magic rapidly. [demonic
                  | ancestry]
   384 | D:1      | Reached XP level 2. HP: 24/24 MP: 2/2
   492 | D:2      | Found a runed translucent door.
   493 | D:2      | Noticed Crazy Yiuf
   506 | D:2      | Killed Crazy Yiuf
   507 | D:2      | Reached skill level 4 in Fighting
   507 | D:2      | Reached XP level 3. HP: 31/31 MP: 3/3
   873 | D:2      | Found a faded altar of an unknown god.
   950 | D:2      | Noticed Sigmund
   958 | D:2      | Killed Sigmund
   959 | D:2      | Reached skill level 6 in Fighting
   959 | D:2      | Gained mutation: You are partially covered in slimy green
                  | scales. (AC +2) [demonic ancestry]
   959 | D:2      | Reached XP level 4. HP: 12/40 MP: 4/4
   959 | D:2      | Gained mutation: When hurt, damage is shared between your
                  | health and your magic reserves. [demonic ancestry]
   959 | D:2      | Reached XP level 5. HP: 14/46 MP: 5/5
  1776 | D:3      | Gained mutation: You have a pair of small horns on your
                  | head. [demonic ancestry]
  1776 | D:3      | Reached XP level 6. HP: 27/53 MP: 6/6
  2167 | D:3      | Found Korghae's Jewellery Boutique.
  2307 | D:3      | Noticed Terence
  2312 | D:3      | Killed Terence
  2313 | D:3      | Reached skill level 7 in Fighting
  3640 | D:5      | Entered Level 5 of the Dungeon
  3782 | D:5      | Noticed Prince Ribbit
  3812 | D:5      | HP: 2/56 [Prince Ribbit (15)]
  3816 | D:5      | Killed Prince Ribbit
  3817 | D:5      | Reached skill level 8 in Fighting
  3817 | D:5      | Gained mutation: You have a pair of horns on your head.
                  | [demonic ancestry]
  3817 | D:5      | Reached XP level 7. HP: 4/63 MP: 2/7
  4205 | D:5      | Noticed Pikel
  4217 | D:5      | Noticed a rime drake
  4217 | D:5      | a scorpion changed into a rime drake
  4225 | D:5      | Killed a rime drake
  4226 | D:5      | Reached skill level 9 in Fighting
  4230 | D:5      | HP: 3/64 [Pikel (1)]
  4231 | D:5      | HP: 1/64 [Pikel (1)]
  4231 | D:5      | Slain by Pikel

Illustrated notes

Levels and vault maps discovered:
D:1:      minmay_arrival_radiant_lines, layout_rooms
D:2:      layout_basic, shapermc_ecumenical_altar_mp_highgroup,
          serial_bayou_pond_a, minmay_door_square, uniq_sigmund,
          uniq_crazy_yiuf_cottage
D:3:      cheibrodos_old_hovel, layout_loops_ring, serial_shops,
          nicolae_square_shop, minmay_misc_feat_encased, uniq_terence
D:4:      layout_loops_corners
D:5:      layout_basic, mainiacjoe_overflow_surrounded_room, dk_noncrumbling_3,
          uniq_prince_ribbit1, uniq_edmund, uniq_eustachio, uniq_pikel

Skill      XL: |  1  2  3  4  5  6  7 |
---------------+----------------------+-----
Fighting       | 4 6 8 9 |  9.6
Dodging        | |  2.6
Stealth        | |  1.7
Unarmed Combat | |  2.6

Action                   |  1- 3 |  4- 6 |  7- 9 || total
-------------------------+-------+-------+-------++-------
Melee: Unarmed           |    32 |       |       ||    32
       Punch             |     4 |       |       ||     4
       Quarterstaff      |    29 |   116 |    21 ||   166
       Headbutt          |       |    12 |     2 ||    14
Throw: Throwing net      |       |     1 |       ||     1
  Use: Potion            |     1 |     4 |     1 ||     6
 Stab: Sleeping          |     1 |     5 |       ||     6
       Paralysed         |       |     1 |       ||     1
Armor: Robe              |    15 |    37 |     7 ||    59
       Skin              |     5 |       |       ||     5
Dodge: Dodged            |    25 |    87 |    13 ||   125

Table legend: (Time is in decaauts)
 A = Elapsed time spent in this place.
 B = Non-inter-level travel time spent in this place.
 C = Inter-level travel time spent in this place.
 D = Time resting spent in this place.
 E = Time spent auto-exploring this place.
 F = Levels seen in this place.
 G = Mean time per level.
                   A        B        C        D        E       F      G
               +--------+--------+--------+--------+--------+-----+--------+
         Total |   4258 |   4180 |     78 |    366 |   3204 |   5 |  851.6 |
       Dungeon |   4258 |   4180 |     78 |    366 |   3204 |   5 |  851.6 |
               +--------+--------+--------+--------+--------+-----+--------+

Top non-repeatable levels by time:
     D:3: 1140 daAuts
     D:4: 1100 daAuts
     D:2: 1012 daAuts
     D:5: 580 daAuts
     D:1: 423 daAuts
